Map: [ESL] Babylon

Players

Classic

  • Race: Protoss Protoss

Elazer - Winner!

  • Race: Zerg Zerg

Event: IEM Katowice 2023

VOD

Have the link to the VOD?

Description

Time

  • Played on: Feb. 8, 2023, 11:23 a.m.
  • Length: 11:04

All games in this series

Show
View Real Time Build Order
Export as new Build Order

Classic Protoss 

Build Orders: 1 Gate Expand, Mass Adepts 

Get SALT Encoding   

  12  0:00  Probe  
  13  0:13  Pylon  
  13  0:17  Probe (Chrono Boost)  
  14  0:27  Probe (Chrono Boost)  
  15  0:32  Probe (Chrono Boost)  
  16  0:39  Gateway  
  16  0:44  Probe  
  16  0:48  Assimilator  
  17  0:56  Probe  
  18  1:09  Probe  
  19  1:21  Probe  
  20  1:27  Nexus  
  20  1:33  Probe  
  21  1:40  Cybernetics Core  
  21  1:45  Probe  
  22  1:50  Assimilator  
  22  1:55  Pylon  
  22  1:58  Probe  
  23  2:13  Probe, Adept (Chrono Boost)  
  24  2:20  Twilight Council  
  26  2:25  Probe  
  26  2:27  Warp Gate  
  27  2:36  Stalker  
  29  2:37  Probe (Chrono Boost)  
  29  2:39  Probe (Chrono Boost)  
  31  2:48  Probe x2 (Chrono Boost)  
  33  2:52  Probe (Chrono Boost)  
  33  2:53  Probe (Chrono Boost)  
  35  3:00  Robotics Facility  
  35  3:12  Gateway  
  35  3:14  Gateway  
  35  3:18  Gateway  
  35  3:19  Resonating Glaives (Chrono Boost)  
  35  3:20  Adept  
  37  3:28  Probe x2  
  39  3:40  Probe x2  
  41  3:43  Warp Prism (Chrono Boost)  
  43  3:50  Pylon, Adept  
  43  3:53  Probe  
  46  3:58  Pylon  
  46  4:08  Probe x2  
  48  4:11  Assimilator  
  48  4:15  Adept x3  
  54  4:19  Pylon  
  54  4:23  Probe  
  54  4:24  Probe  
  56  4:37  Pylon  
  56  4:39  Adept x4  
  56  4:41  Probe x2  
  66  4:50  Robotics Bay  
  66  4:59  Adept x4  
  74  5:02  Adept x2  
  74  5:03  Adept x2  
  74  5:11  Probe x2  
  56  5:23  Probe x2  
  56  5:26  Assimilator  
  58  5:29  Pylon  
  58  5:31  Adept x4  
  58  5:34  Disruptor (Chrono Boost)  
  58  5:35  Probe  
  68  5:43  Gravitic Drive  
  68  5:47  Nexus  
  68  5:57  Pylon  
  68  6:00  Disruptor (Chrono Boost)  
  68  6:03  Probe x2  
  73  6:06  Adept x3  
  73  6:08  Adept  
  81  6:15  Probe x2  
  81  6:16  Pylon  
  83  6:23  Pylon  
  82  6:26  Pylon  
  82  6:27  Probe x2  
  82  6:29  Observer  
  85  6:36  Adept x3  
  85  6:39  Adept  
  93  6:48  Probe x2  
  95  6:54  Colossus (Chrono Boost)  
  95  7:00  Probe  
  102  7:04  Adept x2  
  102  7:05  Adept x2  
  110  7:11  Probe x2  
  110  7:13  Probe  
  110  7:14  Extended Thermal Lance  
  113  7:23  Probe x2  
  106  7:31  Adept x4  
  102  7:38  Colossus (Chrono Boost)  
  102  7:39  Blink, Probe x3  
  102  7:41  Assimilator  
  107  7:44  Assimilator  
  107  7:48  Pylon  
  93  7:52  Probe  
  93  7:57  Adept x4  
  93  8:04  Probe  
  88  8:06  Forge  
  88  8:07  Shield Battery  
  88  8:09  Shield Battery  
  88  8:14  Gateway x2  
  88  8:16  Gateway  
  88  8:18  Sentry  
  88  8:19  Gateway, Sentry x3  
  96  8:28  Colossus (Chrono Boost)  
  96  8:30  Probe  
  99  8:42  Probe, Adept x4  
  98  8:50  Probe x2  
  98  8:54  Probe  
  85  9:06  Stalker x4  
  91  9:12  Stalker x2  
  74  9:22  Stalker x2  
  58  9:34  Adept x3  
  56  9:39  Adept x2  
  56  9:45  Adept x2  
  54  9:49  Adept  
  48  9:57  Adept x2  
  51  10:02  Adept  
  51  10:03  Zealot  
  53  10:14  Zealot x2  
  50  10:18  Zealot  
  54  10:22  Stalker  
  56  10:31  Stalker x2  
  54  10:37  Stalker  
  52  10:44  Zealot  
  52  10:49  Zealot x2  
  56  10:54  Zealot  
Show
View Real Time Build Order
Export as new Build Order

Elazer Zerg - Winner!

Build Orders: Hatch First 

Get SALT Encoding   

  12  0:00  Drone  
  13  0:12  Overlord  
  13  0:16  Drone  
  14  0:30  Drone x2  
  16  0:48  Hatchery  
  15  0:51  Drone  
  15  0:55  Drone  
  17  0:59  Drone  
  18  1:09  Extractor  
  17  1:14  Spawning Pool  
  17  1:18  Drone  
  17  1:22  Drone  
  18  1:28  Drone  
  19  1:38  Drone  
  20  1:49  Overlord  
  20  2:00  Queen  
  20  2:01  Drone, Queen, Zergling x2  
  26  2:12  Zergling x2  
  26  2:13  Drone  
  28  2:18  Metabolic Boost  
  28  2:22  Drone  
  29  2:23  Drone  
  30  2:32  Drone  
  30  2:33  Drone  
  30  2:36  Queen  
  34  2:45  Overlord  
  34  2:46  Drone  
  35  2:56  Hatchery  
  34  3:01  Queen  
  36  3:07  Drone x3  
  36  3:12  Overlord  
  38  3:15  Drone  
  38  3:16  Drone  
  40  3:22  Queen  
  40  3:26  Drone  
  43  3:29  Overlord  
  43  3:30  Drone x2  
  45  3:39  Queen  
  45  3:41  Zergling x4  
  49  3:44  Drone  
  49  3:46  Drone  
  51  3:49  Zergling x6  
  51  3:52  Drone x2  
  56  3:58  Queen  
  58  4:03  Roach Warren  
  58  4:04  Overlord  
  58  4:09  Overlord  
  57  4:11  Drone x2  
  57  4:14  Drone  
  60  4:19  Zergling x8  
  60  4:24  Zergling x4  
  66  4:29  Zergling x6  
  69  4:31  Zergling x6  
  72  4:43  Roach x3  
  72  4:45  Roach x2  
  82  4:48  Overlord  
  82  4:58  Spore Crawler  
  81  5:07  Zergling x20  
  81  5:14  Zergling x10  
  84  5:20  Drone x2  
  78  5:28  Drone x4  
  80  5:36  Drone x3  
  80  5:40  Drone  
  80  5:41  Drone x3  
  80  5:42  Drone  
  86  5:50  Drone  
  86  5:55  Drone x2  
  89  6:00  Drone  
  89  6:03  Lair  
  90  6:08  Overlord  
  90  6:10  Overlord  
  90  6:17  Hatchery  
  89  6:19  Drone  
  89  6:26  Extractor, Drone x7  
  89  6:27  Extractor  
  89  6:30  Drone x6  
  100  6:34  Extractor, Drone x3  
  100  6:35  Evolution Chamber  
  100  6:38  Overlord  
  101  6:40  Drone x2  
  103  6:51  Overlord  
  103  6:52  Roach x2  
  90  7:03  Roach x7  
  90  7:07  Zergling x2  
  90  7:08  Roach, Zergling x4  
  109  7:11  Queen  
  109  7:12  Queen x2  
  109  7:15  Roach x2  
  119  7:21  Zergling x2  
  112  7:25  Zergling x6  
  105  7:31  Zergling x20  
  89  7:40  Roach  
  89  7:41  Zerg Missile Weapons Level 1  
  87  7:47  Zergling x6  
  87  7:52  Drone x4  
  88  7:59  Roach x4  
  88  8:00  Ravager  
  88  8:01  Ravager  
  95  8:09  Zergling x10  
  100  8:16  Ravager  
  101  8:21  Zergling x10  
  101  8:26  Zergling x4  
  107  8:34  Zergling x6  
  107  8:38  Zergling x2  
  107  8:39  Zergling x4  
  106  8:42  Zergling x2  
  106  8:45  Ravager  
  106  8:47  Ravager x2  
  102  8:52  Zergling x2  
  102  8:53  Zergling x6  
  87  9:05  Zergling x12  
  87  9:09  Zergling x4  
  81  9:18  Zergling x8  
  78  9:35  Roach x5  
  78  9:37  Zergling x2  
  79  9:48  Ravager x3  
  72  10:01  Roach x6  
  84  10:11  Zergling x10  
  84  10:12  Zergling x2  
  89  10:22  Zergling x10  
  88  10:34  Roach  
  88  10:35  Roach  
  92  10:43  Roach x2  

Tags
 
Add a new tag
Caveats
  • Supply blocks, unpowered buildings, or Contaminate may cause inaccurate times.
  • Supply counts are checked every 10 seconds.